 Dungeon Crawl Stone Soup version 0.22-a0-144-ge17c9578eb (webtiles) character file.

1241 Chiseanne the Nimble (level 8, -3/42 HPs)
             Began as a Spriggan Warper on Feb 6, 2018.
             Was a Follower of Dithmenos.
             Shot with a sling bullet by Joseph (11 damage)
             ... on level 8 of the Dungeon.
             The game lasted 00:28:16 (5880 turns).

Chiseanne the Nimble (Spriggan Warper)              Turns: 5880, Time: 00:28:17

Health: -3/42      AC:  2    Str:  7    XL:     8   Next: 25%
Magic:  0/16       EV: 27    Int: 16    God:    Dithmenos [*.....]
Gold:   305        SH:  0    Dex: 16    Spells: 1/17 levels left

rFire    . . .     SeeInvis +   a - +0 short sword
rCold    . . .     Gourm    .   (shield restricted)
rNeg     . . .     Faith    .   b - +0 robe
rPois    .         Spirit   +   (helmet restricted)
rElec    .         Reflect  .   (no cloak)
rCorr    .         Harm     .   (gloves unavailable)
MR       +....                  (boots unavailable)
Stlth    +++++.....             p - amulet of guardian spirit
HPRegen  0.14/turn              (no ring)
MPRegen  0.15/turn              (no ring)

@: very slightly contaminated, wreathed by umbra, very quick
A: very small, unfitting armour, see invisible, herbivore, speed 3, slow
metabolism 2
a: Renounce Religion


You were on level 8 of the Dungeon.
You worshipped Dithmenos.
Dithmenos was aware of your devotion.
You were full.

You visited 2 branches of the dungeon, and saw 9 of its levels.

You collected 305 gold pieces.

Inventory:

Hand Weapons
 a - a +0 short sword (weapon)
 w - a +0 blowgun
Missiles
 c - 3 poisoned needles
 e - 5 tomahawks of dispersal
 g - 103 stones
 h - 49 sling bullets
 l - 8 tomahawks (quivered)
 q - 11 arrows
Armour
 b - a +0 robe (worn)
Jewellery
 o - an uncursed amulet of rage
 p - an amulet of guardian spirit (around neck)
Wands
 d - a wand of flame (27)
 i - a wand of polymorph (10)
Scrolls
 m - a scroll of fog
 r - 2 scrolls of identify
Potions
 j - a potion of flight
 k - a potion of heal wounds
 n - 3 potions of mutation
 s - a potion of brilliance
 t - a potion of ambrosia
Comestibles
 f - 11 rations


   Skills:
 - Level 4.1 Fighting
 - Level 3.2 Short Blades
 - Level 1.0 Throwing
 * Level 11.6 Dodging
 - Level 10.5 Stealth
 * Level 5.3 Spellcasting
 * Level 7.1 Translocations


You had one spell level left.
You knew the following spells:

 Your Spells              Type           Power        Failure   Level  Hunger
a - Shroud of Golubria    Chrm/Tloc      ###.......   4%          2    #......
b - Teleport Other        Tloc           ####....     2%          3    ###....
c - Passage of Golubria   Tloc           N/A          8%          4    ####...
d - Blink                 Tloc           N/A          1%          2    #......
e - Regeneration          Chrm/Necr      #.........   41%         3    ###....
f - Passwall              Tmut/Erth      #.........   22%         2    #......


Dungeon Overview and Level Annotations

Branches:
Dungeon (8/15)             Temple (1/1) D:4
   Lair: D:8-11

Altars:
Cheibriados
Dithmenos
Elyvilon
Fedhas
Gozag
Hepliaklqana
Kikubaaqudgha
Makhleb
Nemelex Xobeh
Okawaru
Qazlal
Ru
Sif Muna
Trog
Uskayaw
Vehumet
Wu Jian
Xom
Yredelemnul
Zin
The Shining One

Shops:
D:7 }

Annotations:
D:5 Pikel
D:8 Joseph


Innate Abilities, Weirdness & Mutations

You are very small and have problems with some larger weapons.
You are too small for most types of armour.
You have supernaturally acute eyesight. (SInv)
You are a herbivore.
You cover ground extremely quickly.
You need consume almost no food.


Message History

A scorpion comes into view.
An orc wizard comes into view. It is wielding a dagger.
The orc wizard shouts!
Joseph shoots a sling bullet.
The sling bullet completely misses you.
An orc comes into view. It is wielding a dagger.
You see here a sling bullet.
The orc wizard gestures at you while chanting.
The puff of frost hits you!
Found a forked copper wand.
You open the door. The orc completely misses you.
There is an open door here.
As you open the door, it creaks loudly!
An adder skeleton comes into view.
You hear a shout!
There is an open door here.
The orc wizard casts a spell at you. The magic dart hits you!
* * * LOW HITPOINT WARNING * * *
Joseph shoots a sling bullet.
The sling bullet hits you!
You die...

#o..... #...# #...#
###s.(####### ###
#.a.........# #..
#o#....@....###.#
######'#.......@.#....
#....Z.......o...#.##.
#....@...........@o.(.
#................).##.
#..................##.
#...................#(
#...............(####.
####+############# ###
#.. #.# # #


You could see Joseph, a scorpion, a worker ant, an orc and an adder skeleton.

Vanquished Creatures
  A spriggan (D:7)
  A black bear (D:8)
  3 ogres
  A phantom (D:6)
  A centaur (D:7)
  A crimson imp (D:7)
  A hound (D:4)
  A bullfrog zombie (D:5)
  2 orc wizards (D:5)
  Jessica (D:2)
  3 iguanas
  2 worker ants (D:6)
  A hound skeleton (D:7)
  2 worker ant zombies (D:7)
  7 adders
  3 oozes
  An adder skeleton (D:6)
  An adder zombie (D:6)
  3 dart slugs
  2 leopard geckos
  12 orcs
  6 bats
  2 giant cockroaches
  9 goblins
  6 hobgoblins
  7 jackals
  6 kobolds
  4 quokkas
  2 ball pythons
  4 frilled lizards
  A giant cockroach zombie (D:6)
  A leopard gecko zombie (D:5)
  5 rats
103 creatures vanquished.

Vanquished Creatures (others)
  A plant (D:7)
1 creature vanquished.

Grand Total: 104 creatures vanquished

Notes
Turn   | Place    | Note
-------+----------+-------------------------------------------
     0 | D:1      | Chiseanne the Spriggan Warper began the quest for the Orb.
     0 | D:1      | Reached XP level 1. HP: 10/10 MP: 5/5
   240 | D:1      | Reached skill level 1 in Stealth
   313 | D:1      | Reached XP level 2. HP: 11/14 MP: 6/6
   377 | D:1      | Reached skill level 4 in Dodging
  1036 | D:1      | Reached XP level 3. HP: 18/18 MP: 8/8
  1864 | D:2      | Found a sparkling altar of Nemelex Xobeh.
  2016 | D:3      | Reached skill level 10 in Dodging
  2016 | D:3      | Reached skill level 10 in Stealth
  2016 | D:3      | Reached XP level 4. HP: 4/25 MP: 9/9
  2327 | D:3      | Reached XP level 5. HP: 29/29 MP: 10/10
  2546 | D:3      | Learned a level 2 spell: Blink
  2550 | D:3      | Learned a level 3 spell: Teleport Other
  2555 | D:3      | Learned a level 4 spell: Passage of Golubria
  2853 | D:2      | Noticed Jessica
  2885 | D:2      | Killed Jessica
  3140 | D:4      | Noticed an ogre
  3143 | D:4      | Killed an ogre
  3143 | D:4      | Reached skill level 5 in Translocations
  3143 | D:4      | Reached XP level 6. HP: 33/33 MP: 10/12
  3170 | D:4      | Found a staircase to the Ecumenical Temple.
  3197 | Temple   | Entered the Ecumenical Temple
  3258 | Temple   | Became a worshipper of Dithmenos the Shadowed
  3359 | D:4      | Found a radiant altar of Vehumet.
  3390 | D:4      | Found a white marble altar of Elyvilon.
  3697 | D:5      | Entered Level 5 of the Dungeon
  4287 | D:5      | Found a hide-covered altar of Uskayaw.
  4287 | D:5      | Found a sacrificial altar of Ru.
  4287 | D:5      | Noticed a slave
  4287 | D:5      | Noticed Pikel
  4287 | D:5      | Noticed a slave
  4287 | D:5      | Noticed a slave
  4287 | D:5      | Noticed a slave
  4629 | D:6      | Reached XP level 7. HP: 32/37 MP: 13/13
  4714 | D:6      | Learned a level 2 spell: Shroud of Golubria
  4718 | D:6      | Learned a level 3 spell: Regeneration
  4732 | D:6      | Reached skill level 11 in Dodging
  4763 | D:7      | Reached * piety under Dithmenos
  4808 | D:7      | Found Viwanew's Gadget Emporium.
  4906 | D:7      | Noticed a spriggan baker
  4908 | D:7      | Killed a spriggan baker
  4926 | D:7      | Noticed a hippogriff
  5303 | D:7      | Reached XP level 8. HP: 42/42 MP: 16/16
  5324 | D:7      | Found an ornate altar of the Wu Jian Council.
  5386 | D:7      | Noticed a hippogriff
  5450 | D:7      | Reached skill level 5 in Spellcasting
  5567 | D:7      | Learned a level 2 spell: Passwall
  5832 | D:8      | Noticed Joseph
  5880 | D:8      | Shot with a sling bullet by Joseph

Vault maps used:
D:1:      dpeg_arrival_castle
D:2:      kennysheep_crisscross, nemelex_dance_club_becter, uniq_jessica
D:3:      first_ration, st_stairs_4
D:4:      elyvilon_altar_3, fiery_altar_vehumet, temple_green
D:5:      grunt_temple_overflow_open, uniq_blork_the_orc, uniq_pikel, uniq_ijyb
D:7:      lemuel_crystal_altar, serial_shops, shop, serial_bayou,
          serial_bayou_pond_c, serial_bayou_pond_b, serial_bayou_pond_c,
          serial_bayou_lake_a, the_bakery, hangedman_decor_clover_reticule,
          st_stairs_5
D:8:      enter_ossuary_5, serial_shops, nicolae_shop_waterfront, fountainhead,
          uniq_joseph
Temple:   eino_temple_rhombus

Skill      XL: |  1  2  3  4  5  6  7  8 |
---------------+-------------------------+-----
Stealth        | 1 2 10 | 10.5
Dodging        | 4 10 11 | 11.6
Short Blades   | 3 |  3.2
Fighting       | 4 |  4.1
Spellcasting   | 3 4 5 |  5.3
Translocations | 5 6 7 |  7.1
Throwing       | |  1.0

Action                   |  1- 3 |  4- 6 |  7- 9 || total
-------------------------+-------+-------+-------++-------
Melee: Short sword       |   166 |   238 |   139 ||   543
 Fire: Blowgun           |       |    17 |     4 ||    21
Throw: Tomahawk          |       |    11 |     2 ||    13
 Cast: Teleport Other    |       |     6 |     6 ||    12
       Passage of Golubr |       |     1 |       ||     1
       Blink             |       |       |     1 ||     1
  Use: Scroll            |     1 |     6 |     5 ||    12
       Potion            |     2 |     2 |     1 ||     5
 Stab: Sleeping          |     6 |    13 |    12 ||    31
       Distracted        |       |     2 |       ||     2
  Eat: Ration            |       |     5 |       ||     5
Armor: Robe              |    16 |     8 |       ||    24
Dodge: Dodged            |   130 |   236 |   129 ||   495

Table legend:
 A = Spawn XP
 B = Non-spawn XP
 C = Spawn XP percentage of total XP
 D = Spawn monster count
 E = Non-spawn monster count
 F = Spawn count percentage of total count
 G = Total turns spent on level
                    A         B        C        D         E        F      G
               +---------+---------+-------+---------+---------+-------+---------
         Total |       0 |    1676 |   0.0 |       0 |     103 |   0.0 |  5880
               +---------+---------+-------+---------+---------+-------+---------
           D:1 |       0 |      39 |   0.0 |       0 |      22 |   0.0 |  1199
           D:2 |       0 |      88 |   0.0 |       0 |      14 |   0.0 |  1083
           D:3 |       0 |     101 |   0.0 |       0 |      28 |   0.0 |   813
           D:4 |       0 |     175 |   0.0 |       0 |       7 |   0.0 |   524
           D:5 |       0 |     134 |   0.0 |       0 |       6 |   0.0 |   561
           D:6 |       0 |     281 |   0.0 |       0 |       9 |   0.0 |   679
           D:7 |       0 |     730 |   0.0 |       0 |      16 |   0.0 |   895
           D:8 |       0 |     128 |   0.0 |       0 |       1 |   0.0 |    48
               +---------+---------+-------+---------+---------+-------+---------
